 Dungeon Crawl Stone Soup version 0.31.0-9-g3a7656b989 (webtiles) character file.

Game seed: 14788930254498854583

110 9Sora the Grave Robber (level 4, -16/30 HPs)
             Began as a Vampire Necromancer on Jan 26, 2024.
             Blown up by Ijyb (24 damage)
             ... with a mindburst bolt
             ... on level 3 of the Dungeon on Jan 27, 2024.
             The game lasted 00:28:06 (2131 turns).

9Sora the Grave Robber (Vampire Necromancer)        Turns: 2131, Time: 00:28:07

Health: -16/30     AC:  8    Str:  7    XL:     4   Next: 61%
Magic:  8/8        EV: 17    Int: 19    God:
Gold:   95         SH:  0    Dex: 14    Spells: 1/9 levels left

rFire   . . .        i - +1 whip (drain)
rCold   . . .        (no shield)
rNeg    . . .        f - +5 robe of Misfortune {Harm *Corrode *Slow EV+5}
rPois   .            (no helmet)
rElec   .            d - +0 cloak
rCorr   .            (no gloves)
SInv    +            (no boots)
Will    .....        (no amulet)
Stlth   +            (no ring)
HPRegen 0.45/turn    (no ring)
MPRegen 0.11/turn

%: corrode self (3%), slow self (1%), harm (+30% outgoing, +20% incoming)
@: confused, ambrosia-drunk, healing quickly
A: alive, fangs 3, see invisible, vampiric 2
a: Exsanguinate


You were on level 3 of the Dungeon.
You visited 1 branch of the dungeon, and saw 3 of its levels.

You collected 95 gold pieces.

Inventory:

Hand Weapons
 c - a +0 dagger
 i - a +1 whip of draining (weapon)
Missiles
 h - 6 poisoned darts
Armour
 a - a +0 robe
 d - a +0 cloak (worn)
 f - the +5 robe of Misfortune (worn) {Harm *Corrode *Slow EV+5}
   (You found it on level 2 of the Dungeon)

   EV+5:      It affects your evasion (+5).
   *Corrode:  It may corrode you when you take damage.
   *Slow:     It may slow you when you take damage.
   Harm:      It increases damage dealt and taken.
Scrolls
 e - a scroll of identify
 j - a scroll of teleportation
Potions
 b - a potion of magic


   Skills:
 + Level 2.4 Dodging
 + Level 3.4 Stealth
 + Level 3.1 Spellcasting
 + Level 5.7 Necromancy


You had one spell level left.
You knew the following spells:

 Your Spells              Type           Power      Damage    Failure   Level
a - Necrotise             Necr           96%        1d8       1%          1
b - Vampiric Draining     Necr           24%        2d7       4%          3
c - Animate Dead          Necr           24%        N/A       14%         4

Your spell library contained the following spells:

 Spells                   Type           Power      Damage    Failure   Level
 Curse of Agony           Necr           24%        N/A       36%         5


Dungeon Overview and Level Annotations

Branches:
Dungeon (2/15)

Altars:
Ashenzari

Annotations:
D:3 Ijyb


Innate Abilities, Weirdness & Mutations

Your natural rate of healing is accelerated.
You have razor-sharp teeth.
You have supernaturally acute eyesight. (SInv)
You are afflicted with vampirism and can become a bat while bloodless.


Message History

Things that are here:
a +0 morningstar; 6 stones; a +0 leather armour You start resting.
Your orc skeleton crumbles into dust! x2
Magic restored.
Found 14 gold pieces.
Found a stone staircase leading down.
Found a scroll of teleportation.
There is a broken altar of Ashenzari here.
You kneel at the altar of Ashenzari.
You now have 95 gold pieces (gained 14).
j - a scroll of teleportation Ijyb the Twisted Goblin comes into view.
She is wielding a +0 club and carrying a wand of mindburst.
Aiming: Necrotise (safe; 1% risk of failure)
Press: ? - help, Q - select action, (/) - cycle Shift-Dir - straight line, f - Ijyb
Aim: Ijyb, wielding a +0 club, wearing a +0 ring mail and carrying a wand of mindburst (asleep, chance to affect: 88%) Ijyb shouts!
Ijyb writhes in agony.
Ijyb zaps a wand.
You barely resist.
Aiming: Necrotise (safe; 1% risk of failure)
Press: ? - help, Q - select action, (/) - cycle Shift-Dir - straight line, f/p - Ijyb
Aim: Ijyb, wielding a +0 club, wearing a +0 ring mail and carrying a wand of mindburst (lightly wounded, chance to affect: 88%) Ijyb writhes in agony.
Ijyb zaps a wand.
You barely resist.
Aiming: Necrotise (safe; 1% risk of failure)
Press: ? - help, Q - select action, (/) - cycle Shift-Dir - straight line, f/p - Ijyb
Aim: Ijyb, wielding a +0 club, wearing a +0 ring mail and carrying a wand of mindburst (lightly wounded, chance to affect: 88%) Ijyb writhes in agony.
Ijyb zaps a wand.
Your mind is blasted!
Aiming: Necrotise (safe; 1% risk of failure)
Press: ? - help, Q - select action, (/) - cycle Shift-Dir - straight line, f/p - Ijyb
Aim: Ijyb, wielding a +0 club, wearing a +0 ring mail and carrying a wand of mindburst (heavily wounded, chance to affect: 88%) Ijyb writhes in agony.
Ijyb zaps a wand.
Your mind is blasted!
Ouch! That really hurt!
* * * LOW HITPOINT WARNING * * *
You are confused.
You feel invigorated.
Ijyb zaps a wand.
Your mind is blasted!
Ouch! That really hurt!
You die...

### #.# ##### #.#
## ...# #.# ...
#.###.## .g
#......#
#.###.##...#
#.....##...# ####
#.@......#######...
######.#...........
##.#.#.#####.#.
..#.#.......#.
##.#.#.#...#.#.
#.#.#.#._.#.#.
#...#.#...#.#.
###.#.......#.
#.#.#####.#.


You could see Ijyb.

Vanquished Creatures
  An orc priest (D:3)
  2 adders (D:2)
  4 orcs (D:3)
  2 ball pythons
  6 bats
  2 endoplasms
  3 giant cockroaches (D:1)
  3 goblins
  10 hobgoblins
  3 quokkas (D:1)
  5 frilled lizards
  5 kobolds
  2 rats (D:1)
48 creatures vanquished.

Vanquished Creatures (collateral kills)
  2 ball pythons
  A giant cockroach (D:1)
  A hobgoblin (D:2)
  A bat (D:1)
  A kobold (D:2)
  A rat (D:2)
7 creatures vanquished.

Grand Total: 55 creatures vanquished

Notes
Turn   | Place    | Note
-------+----------+-------------------------------------------
     0 | D:1      | 9Sora the Vampire Necromancer began the quest for the Orb.
     0 | D:1      | Reached XP level 1. HP: 13/13 MP: 3/3
   190 | D:1      | Reached XP level 2. HP: 19/19 MP: 0/5
   690 | D:1      | Reached skill level 5 in Necromancy
  1024 | D:1      | Gained mutation: You are afflicted with vampirism and can
                  | become a bat while bloodless. [Vampire growth]
  1024 | D:1      | Reached XP level 3. HP: 24/24 MP: 3/6
  1028 | D:1      | Learned a level 3 spell: Vampiric Draining
  1632 | D:2      | Found the +5 robe of Misfortune {Harm *Corrode *Slow EV+5}
  1739 | D:2      | Reached XP level 4. HP: 30/30 MP: 4/7
  1775 | D:2      | Learned a level 4 spell: Animate Dead
  1970 | D:2      | You fall into a shaft and drop 1 floor!
  2033 | D:3      | Found a broken altar of Ashenzari.
  2125 | D:3      | Noticed Ijyb
  2131 | D:3      | Blown up by Ijyb

Illustrated notes

Levels and vault maps discovered:
D:1:      tarquinn_simple_flora_water_e, layout_basic, minmay_statues_item,
          chequers_serial_rivers_marsh
D:2:      layout_rooms, hangedman_decor_push, serial_bayou_pond_e,
          minmay_tetromino_i4
D:3:      layout_loops_ring, yredelemnul_forgotten_temple_becter,
          nicolae_hepliaklqana_hippocampus, mainiacjoe_overflow_cross_hatched,
          uniq_natasha, uniq_terence, uniq_ijyb, uniq_grinder

Skill      XL: |  1  2  3  4 |
---------------+-------------+-----
Necromancy     | 5 |  5.7
Spellcasting   | 3 |  3.1
Dodging        | |  2.4
Stealth        | |  3.4

Action                     |  1- 3 |  4- 6 || total
---------------------------+-------+-------++-------
  Melee: Dagger            |     5 |       ||     5
         Whip              |       |     1 ||     1
   Cast: Necrotise         |    64 |    17 ||    81
         Vampiric Draining |     1 |       ||     1
    Use: Scroll            |     3 |     1 ||     4
         Potion            |     4 |     2 ||     6
 Armour: Robe              |    17 |     5 ||    22
  Dodge: Dodged            |    19 |     9 ||    28
